AoeStats
← Michi3052

Arabia

508784740Analyzed
1v1 RM · 8d ago on Sep 24, 2026· 52m 19s· 2 players
Game mode
Random Map
Map size
Tiny (2 player)
Population
200
Speed
Normal
Resources
Standard
Victory
Conquest
Starting age
Dark Age
Ending age
Imperial Age
RankedLock teamsTeams togetherTeam positionsShared explorationLock speedFull tech treeHidden civsTurbo modeCheats
Victory
Defeat
🇨🇴 Bengalis · Colombia
775
+15
🇪🇸 Turks · Spain
760
-15
Michi3052
8:19 Loom
11:14 Feudal Age
14:55 Double-Bit Axe
19:22 Castle Age
23:02 Gold Mining
26:44 Imperial Age
25:08 Gold Shaft Mining
25:06 Horse Collar
30:59 Wheelbarrow
30:56 Fletching
31:10 Town Watch
31:56 Padded Archer Armor
33:08 Bodkin Arrow
35:23 Bracer
35:39 Leather Archer Armor
41:02 Hand Cart
49:45 Conscription
50:02 Hoardings
50:50 Bow Saw
APOLO932109
6:56 Loom
9:38 Feudal Age
18:20 Castle Age
16:35 Double-Bit Axe
19:26 Wheelbarrow
19:44 Town Watch
25:33 Fletching
27:23 Ballistics
27:42 Horse Collar
31:23 Imperial Age
29:45 Heavy Plow
30:32 Forging
30:56 Padded Archer Armor
31:02 Scale Barding Armor
32:37 Husbandry
32:48 Bloodlines
32:00 Light Cavalry
33:43 Guilds
34:16 Hand Cart
35:15 Town Patrol
35:33 Bow Saw
36:16 Iron Casting
35:57 Leather Archer Armor
38:38 Chain Barding Armor
39:19 Blast Furnace
38:15 Bodkin Arrow
38:37 Paiks
39:23 Ring Archer Armor
40:30 Elite Skirmisher
43:56 Bracer
47:35 Crop Rotation
49:18 Two-Man Saw
49:26 Gold Mining
49:27 Stone Mining
51:25 Siege Elephant
53:26 Gold Shaft Mining
Connection lost

Rejoining the realm…

Still unreachable

The connection could not be restored.

Session expired

The server has moved on; the page needs a fresh start.